 Dungeon Crawl Stone Soup version 0.31-a0-765-g67fe2935dc (webtiles) character file.

Game seed: 16116157993638904490

5 cforsyth the Sneak (level 1, 0/20 HPs)
             Began as a Djinni Delver on Sept 15, 2023.
             Slain by a howler monkey (6 damage)
             ... on level 5 of the Dungeon.
             The game lasted 00:00:15 (41 turns).

cforsyth the Sneak (Djinni Delver)                    Turns: 41, Time: 00:00:16

Health: 0/20       AC:  3    Str: 11    XL:     1   Next: 88%
Gold:   0          EV: 12    Int: 11    God:
                   SH:  0    Dex: 14

rFire   + + .        a - +0 falchion
rCold   x . .        (no shield)
rNeg    . . .        b - +0 leather armour
rPois   ∞            (no helmet)
rElec   .            (no cloak)
rCorr   .            (no gloves)
SInv    .            (boots unavailable)
Will    .....        (no amulet)
Stlth   ++           (no ring)
HPRegen 0.23/turn    (no ring)
MPRegen 0.00/turn

%: infuse magic (-1 HP)
@: flying
A: sickness immunity, fire resistance 2, cold vulnerability 1, float, innate
caster, HP casting, extra vitality 1
a: no special abilities


You were on level 5 of the Dungeon.
You visited 1 branch of the dungeon, and saw 1 of its levels.

Inventory:

Hand Weapons
 a - a +0 falchion (weapon)
Armour
 b - a +0 leather armour (worn)
Wands
 g - a wand of digging (3)
 j - a wand of roots (5)
Scrolls
 c - 4 scrolls of fog
 d - a scroll of revelation
 e - a scroll of fear
 h - a scroll of noise {unknown}
 i - a scroll of identify {unknown}
Potions
 f - a potion of haste


   Skills:
 + Level 3.1 Fighting
 - Level 1.7 Long Blades
 - Level 2.1 Dodging
 - Level 4.1 Stealth
 + Level 0.4 Spellcasting
 + Level 0.4 Conjurations
 + Level 0.4 Hexes
   Level 0.0 Charms
 + Level 0.4 Summonings
 + Level 0.4 Necromancy
 + Level 0.4 Translocations
 + Level 0.4 Transmutations
 + Level 0.4 Fire Magic
 + Level 0.4 Ice Magic
 + Level 0.4 Air Magic
 + Level 0.4 Earth Magic
 + Level 0.4 Poison Magic You didn't know any spells. Your spell library was empty.

Dungeon Overview and Level Annotations

Branches:
Dungeon (5/15)
 Temple: D:4-7

Altars:


Innate Abilities, Weirdness & Mutations

You are immune to sickness and miasma.
You are immune to poison.
Your flesh is very heat resistant. (rF++)
You are vulnerable to cold. (rC-)
You float through the air rather than walking.
You learn spells naturally, not from books.
Your magical power is your life essence.
You have superior vitality. (+4 MHP)


Message History

Found a scroll labelled YSUMUIP EPOMNE.
Found two stone staircases leading down.
h - a scroll labelled YSUMUIP EPOMNE
c - 4 scrolls of fog (gained 3)
i - a scroll labelled CUAGAA SU LAD
Found 2 stones.
Found a stone staircase leading up.
j - a wand of roots (6)
There are no items here.
An ufetubus comes into view.
An ufetubus is nearby!
An ufetubus is nearby!
A howler monkey comes into view.
The howler monkey howls!
The ufetubus shouts!
You hit the howler monkey but do no damage.
The howler monkey hits you.
The howler monkey hoots and howls with incredible vigour!
You hear a shout!
You hear a bark! x4
You barely miss the howler monkey. The howler monkey hits you!
The howler monkey closely misses you.
The howler monkey hoots and howls with incredible vigour!
You hear a shout!
You hear a bark! x3
Aiming: Fastroot
Press: ? - help, Shift-Dir - straight line The roots erupt in riotous growth!
Roots grab the ufetubus.
Roots grab the howler monkey.
The grasping roots constrict the ufetubus.
The grasping roots constrict the howler monkey.
The ufetubus barely misses you. The ufetubus closely misses you.
The howler monkey hits you.
* * * LOW HITPOINT WARNING * * *
The grasping roots constrict the ufetubus.
You kill the ufetubus!
The grasping roots constrict the howler monkey.
The howler monkey hoots and howls with incredible vigour!
You hear a bark!
The grasping roots constrict the howler monkey.
The roots release their grip on the howler monkey.
The howler monkey hits you.
You die...

####....#### #..#.......#.
#...#........ #...#......## .
## #............ .. #.####
#..#..............
#..##.#..###..#...............
.......#......##h..............
......#......##@.##.........>.
#....#....##..##...........
###.##..#.#................
#......#..................
##.....##..................
#...............#..........
##..............#..>#.....
#(.......#....###.## ....
#.<.......##...##..# ..


You could see a howler monkey.

Vanquished Creatures
  An ufetubus (D:5)
1 creature vanquished.

Notes
Turn   | Place    | Note
-------+----------+-------------------------------------------
     0 | D:5      | cforsyth the Djinni Delver began the quest for the Orb.
     0 | D:5      | Reached XP level 1. HP: 20/20 MP: 0/0
    32 | D:5      | Noticed a howler monkey
    41 | D:5      | Slain by a howler monkey

Illustrated notes

Levels and vault maps discovered:
D:5:      layout_cave_pools, uniq_grinder

Action                     || total
---------------------------++-------
  Melee: Falchion          ||     2
  Evoke: Wand              ||     1
 Armour: Leather armour    ||     4
  Dodge: Dodged            ||     3

Table legend: (Time is in decaauts)
 A = Elapsed time spent in this place.
 B = Non-inter-level travel time spent in this place.
 C = Inter-level travel time spent in this place.
 D = Time resting spent in this place.
 E = Time spent auto-exploring this place.
 F = Levels seen in this place.
 G = Mean time per level.
                   A        B        C        D        E       F      G
               +--------+--------+--------+--------+--------+-----+--------+
         Total |     41 |     41 |      0 |      0 |     26 |   1 |   41.0 |
       Dungeon |     41 |     41 |      0 |      0 |     26 |   1 |   41.0 |
               +--------+--------+--------+--------+--------+-----+--------+

Top non-repeatable levels by time:
     D:5: 41 daAuts
